Map: Port Aleksander LE

Players

TIME (Oliveira) - Winner!

  • Race: Terran Terran
  • Spawn Location: 11:00

Harstem

  • Race: Protoss Protoss
  • Spawn Location: 5:00

Event: 2019 WCS Spring

VOD

Have the link to the VOD?

Description

Time

  • Played on: May 18, 2019, 2:52 p.m.
  • Length: 9:05

All games in this series

Show
View Real Time Build Order
Export as new Build Order

TIME Terran - Winner!

Build Orders: Gas First Reaper Expand 

Get SALT Encoding   

  12  0:00  SCV  
  13  0:13  SCV  
  14  0:18  Supply Depot  
  14  0:25  SCV  
  15  0:30  Refinery  
  15  0:39  SCV  
  16  0:46  Barracks  
  16  0:51  SCV  
  17  1:03  SCV  
  18  1:16  SCV  
  19  1:33  Reaper, Orbital Command  
  20  1:45  Command Center  
  20  1:57  Factory  
  20  2:00  SCV  
  21  2:07  Refinery  
  21  2:08  Barracks Reactor  
  21  2:12  SCV  
  22  2:16  Supply Depot  
  22  2:24  SCV  
  23  2:37  SCV  
  23  2:43  Starport  
  24  2:50  SCV  
  25  2:54  Widow Mine  
  25  2:56  Marine  
  28  3:00  Orbital Command  
  28  3:03  SCV  
  29  3:15  SCV  
  30  3:20  Medivac  
  30  3:21  Widow Mine x2  
  30  3:23  Barracks Tech Lab  
  36  3:27  SCV x2  
  38  3:39  SCV x2  
  38  3:40  Barracks  
  40  3:43  Supply Depot  
  40  3:49  Marine x2  
  40  3:52  Cyclone  
  40  3:54  Starport Tech Lab  
  40  3:55  SCV  
  46  3:59  Refinery  
  46  4:04  SCV, Supply Depot  
  46  4:08  Marine x2  
  46  4:09  SCV  
  50  4:15  Raven  
  52  4:23  SCV  
  53  4:26  Marine x2  
  53  4:27  SCV  
  53  4:28  Barracks Tech Lab  
  56  4:35  Supply Depot  
  56  4:36  Siege Tank  
  59  4:38  SCV  
  59  4:43  SCV  
  59  4:44  Barracks  
  61  4:48  Engineering Bay  
  61  4:51  Marine  
  62  4:55  Stimpack  
  62  4:57  SCV, Marine  
  62  5:01  SCV  
  62  5:04  Marine  
  60  5:09  SCV  
  60  5:10  Marine  
  60  5:13  SCV  
  63  5:21  SCV, Missile Turret  
  62  5:25  SCV  
  63  5:33  SCV, Missile Turret  
  63  5:37  SCV, Marine  
  65  5:46  Terran Infantry Weapons Level 1, SCV, Starport Reactor  
  65  5:47  Marine  
  65  5:49  SCV  
  64  5:53  Siege Tank  
  65  6:00  Marauder  
  68  6:05  Supply Depot  
  68  6:06  Supply Depot  
  68  6:07  SCV x2  
  69  6:13  Marine  
  69  6:16  Combat Shield  
  70  6:23  Refinery  
  70  6:26  Marine  
  70  6:27  SCV, Marauder x2  
  70  6:29  Siege Tank  
  70  6:31  SCV  
  80  6:35  Supply Depot  
  80  6:39  SCV, Supply Depot  
  81  6:41  Marine  
  82  6:47  Marine  
  82  6:48  Marauder  
  82  6:50  SCV  
  82  6:53  Supply Depot  
  86  6:56  Concussive Shells  
  86  6:57  Marauder  
  88  7:01  Medivac x2  
  92  7:13  Marine x2  
  92  7:14  Marauder  
  92  7:15  Siege Tank  
  99  7:18  Supply Depot  
  99  7:20  Marauder  
  101  7:27  Missile Turret  
  101  7:28  SCV x2, Missile Turret  
  103  7:33  Marine x2  
  103  7:34  Medivac  
  103  7:35  Marauder  
  109  7:40  Medivac  
  111  7:45  Marauder  
  111  7:51  Marine x2  
  113  7:52  Siege Tank  
  117  8:02  Supply Depot  
  117  8:04  Supply Depot  
  117  8:10  SCV  
  117  8:11  Command Center  
  117  8:17  Marauder  
  116  8:20  Marauder, Marine x2  
  116  8:23  SCV  
  108  8:37  Marine x2  
  108  8:38  Marauder, SCV  
  108  8:39  SCV  
  116  8:47  Marine  
Show
View Real Time Build Order
Export as new Build Order

Harstem Protoss 

Build Orders: 1 Gate Expand, Zealot Archon, Dark Templar Rush 

Get SALT Encoding   

  12  0:01  Probe  
  13  0:13  Probe  
  14  0:18  Pylon  
  14  0:25  Probe  
  15  0:31  Assimilator  
  15  0:33  Probe  
  15  0:41  Probe  
  16  0:46  Gateway  
  17  0:51  Probe  
  18  1:03  Probe  
  19  1:15  Probe  
  20  1:23  Nexus  
  20  1:34  Cybernetics Core  
  20  1:37  Probe  
  21  1:42  Assimilator  
  21  1:49  Probe  
  21  1:52  Pylon  
  22  2:00  Adept  
  23  2:01  Probe  
  23  2:11  Warp Gate  
  23  2:13  Probe  
  26  2:21  Stalker  
  26  2:23  Twilight Council  
  26  2:25  Probe  
  29  2:37  Probe x2  
  31  2:48  Pylon  
  31  2:49  Probe  
  31  3:00  Probe, Robotics Facility  
  31  3:01  Probe  
  33  3:10  Dark Shrine  
  33  3:11  Probe  
  34  3:14  Probe  
  34  3:19  Probe  
  35  3:26  Probe  
  37  3:27  Probe, Gateway  
  38  3:34  Gateway  
  38  3:35  Warp Prism  
  38  3:38  Probe  
  38  3:40  Probe  
  42  3:50  Probe  
  42  3:53  Pylon  
  42  3:54  Probe  
  44  4:02  Probe  
  45  4:06  Probe, Pylon  
  45  4:09  Assimilator  
  46  4:11  Stalker  
  46  4:14  Probe  
  49  4:19  Probe  
  51  4:37  Nexus  
  50  4:39  Dark Templar x3  
  50  4:44  Probe  
  57  4:45  Pylon  
  57  4:55  Probe  
  43  5:03  Probe  
  42  5:08  Probe  
  42  5:11  Probe  
  42  5:12  Stalker x3  
  47  5:16  Probe  
  49  5:25  Probe  
  50  5:31  Probe  
  51  5:39  Stalker x3, Probe  
  51  5:40  Blink  
  56  5:45  Observer  
  55  5:51  Probe  
  55  5:52  Probe  
  58  6:02  Probe  
  58  6:03  Probe  
  60  6:06  Probe  
  60  6:10  Dark Templar  
  63  6:13  Probe  
  63  6:17  Probe  
  65  6:20  Robotics Bay  
  65  6:21  Probe x2  
  66  6:29  Probe  
  66  6:30  Assimilator, Archon  
  66  6:31  Probe  
  68  6:33  Dark Templar, Probe  
  72  6:40  Pylon  
  72  6:41  Probe  
  72  6:46  Probe  
  74  6:47  Probe  
  74  6:48  Dark Templar  
  74  6:53  Probe, Archon  
  78  6:57  Forge, Disruptor  
  78  6:58  Pylon  
  77  7:02  Probe  
  82  7:12  Gateway x2  
  82  7:15  Probe  
  80  7:16  Sentry  
  80  7:17  Probe  
  84  7:24  Stalker x2  
  84  7:28  Probe  
  84  7:29  Disruptor  
  89  7:30  Probe, Gateway  
  89  7:32  Pylon  
  90  7:43  Probe  
  93  7:44  Pylon  
  93  7:45  Probe  
  93  7:46  Pylon  
  93  7:49  Shield Battery  
  94  7:54  Shield Battery  
  94  7:59  Stalker  
  94  8:01  Stalker x2  
  100  8:06  Disruptor  
  100  8:07  Shield Battery  
  100  8:10  Shield Battery  
  101  8:25  Stalker x4, Zealot  
  90  8:36  Dark Templar  
  82  8:47  Dark Templar  
  82  8:48  Zealot x4  
Tags
 
Add a new tag
Caveats
  • Supply blocks, unpowered buildings, or Contaminate may cause inaccurate times.
  • Supply counts are checked every 10 seconds.